 Dungeon Crawl Stone Soup version 0.26.1-15-g04117e645d (webtiles) character file.

Game seed: 7229586772018088768

426 Froggeryz the Cutter (level 6, -4/39 HPs)
             Began as an Octopode Brigand on Aug 17, 2022.
             Slain by a bullfrog skeleton (5 damage)
             ... on level 4 of the Dungeon.
             The game lasted 00:04:03 (4038 turns).

Froggeryz the Cutter (Octopode Brigand)             Turns: 4038, Time: 00:04:04

Health: -4/39      AC:  1    Str: 10    XL:     6   Next: 97%
Magic:  6/6        EV: 15    Int: 12    God:
Gold:   222        SH:  0    Dex: 15    Spells: 5/5 levels left

rFire    . . .     SeeInvis .   g - +0 dagger (venom)
rCold    . . .     Faith    .   (no shield)
rNeg     . . .     Spirit   .   (helmet restricted)
rPois    .         Reflect  .   (no amulet)
rElec    .         Harm     .   n - ring of flight
rCorr    .         Rampage  .   (no ring)
Will     .....     Rnd*Rage +   (no ring)
Stlth    ++++......             (no ring)
HPRegen  0.13/turn              (no ring)
MPRegen  0.10/turn              (no ring)
                                (no ring)
                                (no ring)

@: no status effects
A: almost no armour, stealthy swim, amphibious, 8 rings, constrict 8, camouflage
1, berserk 1, dopey 1, gelatinous body 1, MP-powered wands
a: Evoke Flight


You were on level 4 of the Dungeon.
You visited 1 branch of the dungeon, and saw 4 of its levels.
You also visited: Sewer.

You collected 222 gold pieces.

Inventory:

Hand Weapons
 a - a +2 dagger
 g - a +0 dagger of venom (weapon)
 o - a +1 dagger of draining
Missiles
 b - 5 poisoned darts
 c - 2 curare-tipped darts (quivered)
 t - 5 boomerangs
Jewellery
 n - a ring of flight (left tentacle)
Wands
 h - a wand of enslavement (6)
 i - a wand of random effects (22)
Scrolls
 e - 4 scrolls of teleportation
 f - a scroll of fear {unknown}
 j - 3 scrolls of fog {unknown}
 k - 2 scrolls of remove curse
 l - a scroll of blinking {unknown}
Potions
 d - 3 potions of magic {unknown}
 m - 3 potions of curing {unknown}
 p - 2 potions of heal wounds {unknown}
 q - 2 potions of brilliance {unknown}
 r - a potion of attraction {unknown}
 s - 2 potions of lignification {unknown}
 u - a potion of flight {unknown}


   Skills:
 - Level 2.0 Fighting
 * Level 6.0 Short Blades
 - Level 2.0 Throwing
 + Level 3.9 Dodging
 - Level 5.3 Stealth


You had 5 spell levels left.
You didn't know any spells.
Your spell library was empty.

Dungeon Overview and Level Annotations

Branches:
Dungeon (4/15)              Sewer (visited)
 Temple: D:4-7

Altars:
Cheibriados
Nemelex Xobeh
Uskayaw


Innate Abilities, Weirdness & Mutations

You cannot wear most types of armour.
You are very stealthy in the water. (Stealth+)
You are amphibious.
You can wear up to eight rings at the same time.
You can use your tentacles to constrict eight enemies at once.
Your skin changes colour to match your surroundings (Stealth+).
Your rubbery body absorbs attacks. (AC +1, EV +1)
You tend to lose your temper in combat.
You are dopey. (Int -2)
You expend magic power (3 MP) to strengthen your wands.


Message History

The bullfrog skeleton is heavily damaged.
You constrict the bullfrog skeleton. The bullfrog skeleton hits you.
* * * LOW HITPOINT WARNING * * *
You hit the bullfrog skeleton.
The bullfrog skeleton is severely damaged.
You constrict the bullfrog skeleton. The bullfrog skeleton hits you.
* * * LOW HITPOINT WARNING * * *
You hit the bullfrog skeleton but do no damage.
You squeeze the bullfrog skeleton, but do no damage.
The bullfrog skeleton is severely damaged.
You constrict the bullfrog skeleton.
The bullfrog skeleton closely misses you.
You hit the bullfrog skeleton but do no damage.
The bullfrog skeleton is severely damaged.
You constrict the bullfrog skeleton.
The bullfrog skeleton closely misses you.
You hit the bullfrog skeleton.
The bullfrog skeleton is almost destroyed.
You constrict the bullfrog skeleton. The bullfrog skeleton hits you.
You die...

#.....#.............#
###.....#.............#
#...#####.............#
##.....##....##.......#
#.....##....##.......#
#......#.............#
#......#....##.......#
#......#....##.......#
#......Z@.....>......#
#######...##....##.......#
##...###...##....##.......#
#.....#....#.....##.......#
#...<.#....#.....##.......#
#.....#....#.....#........#
#.....#....#.....#........#
#.....# #.....#........#
#.....# #.....#


You could see a bullfrog skeleton.

Vanquished Creatures
  Purgy (Sewer)
  An ogre (D:3)
  A bullfrog skeleton (D:4)
  An orc wizard (D:3)
  A worker ant (D:4)
  A howler monkey skeleton (D:4)
  4 adders
  An ooze (D:1)
  6 dart slugs
  2 leopard geckos (D:3)
  3 orcs (D:3)
  6 bats
  5 giant cockroaches
  11 goblins
  8 hobgoblins
  2 jackals (D:2)
  A quokka (D:3)
  5 ball pythons
  7 frilled lizards
  9 kobolds
  6 rats
82 creatures vanquished.

Vanquished Creatures (others)
  An orc wizard (D:3)
1 creature vanquished.

Grand Total: 83 creatures vanquished

Notes
Turn   | Place    | Note
-------+----------+-------------------------------------------
     0 | D:1      | Froggeryz the Octopode Brigand began the quest for the Orb.
     0 | D:1      | Reached XP level 1. HP: 14/14 MP: 1/1
   323 | D:1      | Reached XP level 2. HP: 19/19 MP: 2/2
   418 | D:1      | Found a sparkling altar of Nemelex Xobeh.
   831 | D:1      | Reached skill level 3 in Short Blades
   831 | D:1      | Reached XP level 3. HP: 20/24 MP: 3/3
  1914 | D:2      | Reached XP level 4. HP: 19/29 MP: 4/4
  2584 | D:3      | Found a snail-covered altar of Cheibriados.
  2593 | D:3      | Reached skill level 4 in Short Blades
  2610 | D:3      | Noticed an ogre
  2616 | D:3      | Killed an ogre
  2617 | D:3      | Reached XP level 5. HP: 18/34 MP: 5/5
  2633 | D:3      | Found a hide-covered altar of Uskayaw.
  2674 | D:3      | Found a glowing drain.
  2688 | Sewer    | Entered a sewer
  2888 | Sewer    | Noticed Purgy
  2897 | Sewer    | Gained mutation: You are dopey. (Int -2) [potion of
                  | mutation]
  2897 | Sewer    | Gained mutation: You tend to lose your temper in combat.
                  | [potion of mutation]
  2897 | Sewer    | Gained mutation: You expend magic power (3 MP) to
                  | strengthen your wands. [potion of mutation]
  2916 | Sewer    | Killed Purgy
  2917 | Sewer    | Reached skill level 5 in Short Blades
  2917 | Sewer    | Reached XP level 6. HP: 16/39 MP: 6/6
  4032 | D:4      | Reached skill level 6 in Short Blades
  4035 | D:4      | HP: 1/39 [bullfrog skeleton (5)]
  4038 | D:4      | Slain by a bullfrog skeleton

Illustrated notes

Levels and vault maps discovered:
D:1:      minmay_arrival_doors, layout_basic, nemelex_xobeh_ov_fountains_minmay
D:2:      layout_basic
D:3:      layout_rooms, nicolae_overflow_hidden_temple, portal_sewer_entry_a,
          kennysheep_slug_shrine
D:4:      layout_gridville, kennysheep_little_box

Skill      XL: |  1  2  3  4  5  6 |
---------------+-------------------+-----
Short Blades   | 3 4 5 6 |  6.0
Dodging        | 2 3 |  3.9
Fighting       | |  2.0
Throwing       | |  2.0
Stealth        | |  5.3

Action                   |  1- 3 |  4- 6 || total
-------------------------+-------+-------++-------
Melee: Dagger            |    57 |   107 ||   164
       Constrict         |    12 |    30 ||    42
       Tentacles         |     6 |    22 ||    28
Throw: Dart              |       |    12 ||    12
  Use: Scroll            |       |     4 ||     4
       Potion            |       |     1 ||     1
 Stab: Sleeping          |    16 |     9 ||    25
       Distracted        |       |     1 ||     1
Armor: Skin              |     6 |     7 ||    13
Dodge: Dodged            |    23 |    62 ||    85
